 Dungeon Sprint DCSS version 0.26-a0-846-gcc8f1ee719 (webtiles) character file.

Game seed: 2722669055654161455

135 rocky1 the Nimble (level 5, -3/35 HPs)
             Began as a Merfolk Ice Elementalist on Nov 20, 2020.
             Was a Priest of Sif Muna.
             Killed from afar by a deep elf mage (28 damage)
             ... with a bolt of lightning
             ... in the Dungeon (Sprint VII: "The Pits").
             The game lasted 00:02:25 (492 turns).

rocky1 the Nimble (Merfolk Ice Elementalist)         Turns: 492, Time: 00:02:25

Health: -3/35      AC:  9    Str:  8    XL:     5   Next: 18%
Magic:  1/8        EV: 17    Int: 15    God:    Sif Muna [***...]
Gold:   0          SH:  0    Dex: 15    Spells: 1/8 levels left

rFire    . . .     SeeInvis .   b - +2 trident (protect)
rCold    . . .     Faith    .   (no shield)
rNeg     . . .     Spirit   .   a - +0 robe
rPois    .         Reflect  .   (no helmet)
rElec    .         Harm     .   (no cloak)
rCorr    .         Rampage  .   (no gloves)
MR       .....     NoTele   +   (no boots)
Stlth    ++........             (no amulet)
HPRegen  0.11/turn              (no ring)
MPRegen  0.11/turn              (no ring)

@: protection aura, frozen ramparts
A: change form in water, swift swim, stealthy swim
a: Channel Magic, Forget Spell, Renounce Religion


You were in the Dungeon.
You worshipped Sif Muna.
Sif Muna was most pleased with you.
You visited 1 branch

Inventory:

Hand Weapons
 b - a +2 trident of protection (weapon)
Armour
 a - a +0 robe (worn)
Scrolls
 h - a scroll of blinking
 j - 3 scrolls of remove curse
 k - 5 scrolls of amnesia
 l - a scroll of summoning
Potions
 c - 6 potions of curing
 d - 4 potions of heal wounds
 e - a potion of haste
 f - 4 potions of magic
 g - 3 potions of berserk rage
 i - 2 potions of invisibility


   Skills:
 + Level 7.7 Polearms
 + Level 8.0 Dodging
 - Level 2.1 Stealth
 - Level 2.0 Spellcasting
 + Level 7.8 Ice Magic


You had one spell level left.
You knew the following spells:

 Your Spells              Type           Power        Failure   Level
a - Freeze                Ice            ###.         1%          1
b - Frozen Ramparts       Ice            ###...       2%          3
c - Ozocubu's Armour      Ice            ###.....     2%          3

Your spell library contained the following spells:

 Spells                   Type           Power        Failure   Level
 Hailstorm                Conj/Ice       ##......     41%         4
 Summon Ice Beast         Ice/Summ       ##......     41%         4


Dungeon Overview and Level Annotations

Branches:
Dungeon (1/1)

Altars:
Ashenzari
Cheibriados
Dithmenos
Elyvilon
Fedhas
Gozag
Hepliaklqana
Kikubaaqudgha
Makhleb
Nemelex Xobeh
Okawaru
Qazlal
Ru
Sif Muna
Trog
Uskayaw
Vehumet
Wu Jian
Xom
Yredelemnul
Zin
The Shining One
Beogh
Jiyva
Lugonu


Message History

The wall freezes the deep elf mage.
The deep elf mage gestures at you while chanting.
The bolt of lightning hits you!!
Ouch! That really hurt!
* * * LOW HITPOINT WARNING * * *
The mummy resists.
The wall freezes the mummy.
The wall freezes the orc warrior.
You feel much better.
The wall freezes the deep elf mage!
The deep elf mage hits you with a +0 long sword!
The wall freezes the orc warrior.
Unknown command.
You puncture the deep elf mage!
The deep elf mage is almost dead.
An orc comes into view. It is wielding a +0 short sword.
The mummy resists.
The wall freezes the mummy.
The wall freezes the orc warrior.
The wall freezes the deep elf mage.
The deep elf mage points at you and mumbles some strange words.
The bolt of lightning hits you!!
Ouch! That really hurt!
You die...

#.?(.')))'.##.....
##########.##.....
#...........'.....
#'#####'#####.....
#.#..#..#..##.....
#.#..)..#))#####'#
#.#..####))##.....
#.#..#..#))##.....
#@#..#..#[[##.....
#e##'#..#'###...<.
#M#........##.....
#o#........##.....
#o###########.....
#g......# ######
#..###..#
#.o..g..#
##.###e##


You could see a deep elf mage, an orc warrior, a mummy, 2 orcs and a goblin.

Vanquished Creatures
  A scorpion (D)
  A crimson imp (D)
  A worker ant (D)
  3 ufetubi (D)
  An adder skeleton (D)
  2 orcs (D)
  A bat (D)
  A hobgoblin (D)
  2 frilled lizards (D)
13 creatures vanquished.

Notes
Turn   | Place    | Note
-------+----------+-------------------------------------------
     0 | D        | rocky1 the Merfolk Ice Elementalist began the quest for the
                  | Orb.
     0 | D        | Reached XP level 1. HP: 13/13 MP: 3/3
    19 | D        | Reached skill level 3 in Dodging
    22 | D        | Found a bloodstained altar of Trog.
    22 | D        | Found a shimmering blue altar of Sif Muna.
    22 | D        | Found a viscous altar of Jiyva.
    22 | D        | Found a hazy altar of Hepliaklqana.
    22 | D        | Found an opulent altar of Gozag.
    23 | D        | Found a glowing golden altar of the Shining One.
    23 | D        | Found a glowing silver altar of Zin.
    23 | D        | Found a basalt altar of Yredelemnul.
    23 | D        | Found a shimmering altar of Xom.
    23 | D        | Found an ornate altar of the Wu Jian Council.
    23 | D        | Found a sacrificial altar of Ru.
    23 | D        | Found a stormy altar of Qazlal.
    23 | D        | Found an iron altar of Okawaru.
    23 | D        | Found a sparkling altar of Nemelex Xobeh.
    23 | D        | Found a burning altar of Makhleb.
    23 | D        | Found a blossoming altar of Fedhas.
    23 | D        | Found a white marble altar of Elyvilon.
    23 | D        | Found a shadowy altar of Dithmenos.
    23 | D        | Found a snail-covered altar of Cheibriados.
    25 | D        | Found a radiant altar of Vehumet.
    25 | D        | Found a corrupted altar of Lugonu.
    25 | D        | Found a roughly hewn altar of Beogh.
    26 | D        | Found a hide-covered altar of Uskayaw.
    26 | D        | Found an ancient bone altar of Kikubaaqudgha.
    26 | D        | Found a broken altar of Ashenzari.
    28 | D        | Became a worshipper of Sif Muna the Loreminder
    66 | D        | Reached skill level 1 in Polearms
    66 | D        | Reached skill level 5 in Ice Magic
    71 | D        | Reached skill level 4 in Dodging
    71 | D        | Reached XP level 2. HP: 12/19 MP: 0/5
   183 | D        | Reached * piety under Sif Muna
   184 | D        | Reached skill level 5 in Dodging
   184 | D        | Reached XP level 3. HP: 13/24 MP: 0/6
   324 | D        | Reached ** piety under Sif Muna
   327 | D        | Reached skill level 5 in Polearms
   327 | D        | Reached skill level 6 in Dodging
   336 | D        | Reached XP level 4. HP: 29/30 MP: 0/7
   434 | D        | Learned a level 3 spell: Frozen Ramparts
   438 | D        | Learned a level 3 spell: Ozocubu's Armour
   467 | D        | Reached *** piety under Sif Muna
   468 | D        | Reached skill level 7 in Dodging
   468 | D        | Reached XP level 5. HP: 35/35 MP: 1/8
   472 | D        | Reached skill level 8 in Dodging
   472 | D        | Noticed an orc warrior
   473 | D        | Noticed a deep elf mage
   492 | D        | Killed from afar by a deep elf mage

Illustrated notes

Levels and vault maps discovered:
D:        pitsprint [storerooms_1, entrance_room_1, metal_vault_1, armoury_1,
          mini_pit_1, grid_room_1, main_hall_1, silver_pit, the_coven_2,
          the_vestibule_1, steel_vault_4, golden_pit, hallway_of_sentries,
          crystal_vault_1, iron_vault_3, final_vault]

Skill      XL: |  1  2  3  4  5 |
---------------+----------------+-----
Dodging        | 4 5 6 7 8 |  8.0
Polearms       | 2 4 6 7 |  7.7
Ice Magic      | 5 6 7 |  7.8
Stealth        | |  2.1
Spellcasting   | |  2.0

Action                   |  1- 3 |  4- 6 || total
-------------------------+-------+-------++-------
Melee: Trident           |    11 |    12 ||    23
 Cast: Freeze            |    14 |       ||    14
       Frozen Ramparts   |       |     2 ||     2
       Ozocubu's Armour  |       |     1 ||     1
  Use: Potion            |       |     2 ||     2
 Stab: Sleeping          |       |     1 ||     1
Armor: Robe              |     4 |     1 ||     5
Dodge: Dodged            |    39 |     2 ||    41

Table legend: (Time is in decaauts)
 A = Elapsed time spent in this place.
 B = Non-inter-level travel time spent in this place.
 C = Inter-level travel time spent in this place.
 D = Time resting spent in this place.
 E = Time spent auto-exploring this place.
 F = Levels seen in this place.
 G = Mean time per level.
                   A        B        C        D        E       F      G
               +--------+--------+--------+--------+--------+-----+--------+
         Total |    492 |    492 |      0 |    289 |      0 |   1 |  492.0 |
       Dungeon |    492 |    492 |      0 |    289 |      0 |   1 |  492.0 |
               +--------+--------+--------+--------+--------+-----+--------+

Top non-repeatable levels by time:
       D: 492 daAuts
